AoeStats
← 491483

Black Forest

505269480Analyzed
1v1 RM · 25d ago on Sep 8, 2026· 88m 57s· 2 players
Game mode
Random Map
Map size
Tiny (2 player)
Population
200
Speed
Normal
Resources
Standard
Victory
Conquest
Starting age
Dark Age
Ending age
Imperial Age
RankedLock teamsTeams togetherTeam positionsShared explorationLock speedFull tech treeHidden civsTurbo modeCheats
Victory
Defeat
🇨🇿 Magyars · Czechia
555
+17
🇦🇷 Britons · Argentina
568
-17
491483
2:45 Loom
11:39 Feudal Age
12:48 Horse Collar
18:15 Man-at-Arms
22:50 Castle Age
23:09 Scale Barding Armor
22:55 Fletching
24:52 Double-Bit Axe
25:07 Gold Mining
27:48 Bow Saw
31:39 Husbandry
35:23 Bodkin Arrow
35:50 Chain Barding Armor
38:58 Imperial Age
37:03 Padded Archer Armor
38:38 Crossbowman
39:24 Thumb Ring
39:55 Corvinian Army
41:35 Arbalester
45:21 Cavalier
48:09 Bracer
49:26 Capped Ram
53:05 Chemistry
52:27 Ballistics
57:26 Elite Magyar Huszar
59:18 Elite Skirmisher
60:26 Leather Archer Armor
62:50 Paladin
65:41 Plate Barding Armor
65:03 Heated Shot
77:03 Two-Man Saw
76:08 Heavy Plow
76:43 Ring Archer Armor
76:26 Siege Engineers
KalamaS MoliaK
0:40 Loom
16:39 Feudal Age
17:31 Double-Bit Axe
23:03 Wheelbarrow
25:26 Horse Collar
27:22 Gold Mining
29:40 Castle Age
28:01 Fletching
28:51 Padded Archer Armor
31:19 Pikeman
31:58 Bodkin Arrow
33:55 Bow Saw
34:30 Heavy Plow
40:34 Imperial Age
40:33 Stone Mining
42:37 Chemistry
43:39 Bracer
45:00 Leather Archer Armor
44:57 Forging
48:48 Ballistics
53:23 Halberdier
55:25 Squires
55:49 Conscription
59:17 Elite Longbowman
63:30 Masonry
68:12 Onager
70:26 Yeomen
Connection lost

Rejoining the realm…

Still unreachable

The connection could not be restored.

Session expired

The server has moved on; the page needs a fresh start.